 Dungeon Crawl Stone Soup version 0.25-b1-46-gb8a1ec05df (webtiles) character file.

Game seed: 106413734798252763

5462 nightchill the Cleaver (level 10, 0/94 HPs)
             Began as a Ghoul Fighter on June 11, 2020.
             Was a Believer of Ashenzari.
             Slain by a two-headed ogre
             ... wielding a +0 giant spiked club
              (17 damage)
             ... on level 9 of the Dungeon.
             The game lasted 00:29:21 (10464 turns).

nightchill the Cleaver (Ghoul Fighter)             Turns: 10464, Time: 00:29:22

Health: 0/94       AC:  9    Str: 21    XL:     10   Next: 68%
Magic:  0/9        EV:  7    Int:  6    God:    Ashenzari [**....]
Gold:   396        SH:  9    Dex:  8    Spells: 9/9 levels left

rFire    . . .     SeeInvis .   a - +0 war axe
rCold    + . .     Gourm    .   c - +0 kite shield (curse)
rNeg     + + +     Faith    .   b - +0 scale mail
rPois    ∞         Spirit   +   D - +0 hat
rElec    .         Reflect  .   s - +0 cloak
rCorr    .         Harm     .   h - +1 pair of gloves {archery}
MR       .....                  (no boots)
Stlth    ..........             j - amulet of guardian spirit
HPRegen  0.00/turn              (no ring)
MPRegen  0.11/turn              (no ring)

@: rotting
A: rotting body, claws 1, carnivore, cold resistance 1, negative energy
resistance 3, inhibited regeneration, torment resistance, unbreathing
a: Curse Item, Scrying, Renounce Religion


You were on level 9 of the Dungeon.
You worshipped Ashenzari.
Ashenzari was pleased with you.
You were not hungry.

You visited 1 branch of the dungeon, and saw 9 of its levels.
You also visited: Ossuary.

You collected 577 gold pieces.
You spent 181 gold pieces at shops.

Inventory:

Hand Weapons
 a - a +0 war axe (weapon)
 A - a +4 hand crossbow of flaming
Missiles
 n - 225 stones (quivered)
 w - 16 poisoned darts
 C - 67 bolts
Armour
 b - a +0 scale mail (worn)
 c - a cursed +0 kite shield (worn)
 h - a +1 pair of gloves of archery (worn)
 s - a +0 cloak (worn)
 u - a cursed +1 pair of gloves
 D - a +0 hat (worn)
Jewellery
 j - an amulet of guardian spirit (around neck)
 y - an uncursed ring of resist corrosion
 I - a +6 ring of dexterity
Wands
 i - a wand of paralysis (7)
 o - a wand of flame (38)
 J - a wand of digging (4)
Scrolls
 g - 4 scrolls of immolation {unknown}
 l - 8 scrolls of remove curse
 m - 5 scrolls of teleportation {unknown}
 p - 3 scrolls of enchant weapon {unknown}
 r - a scroll of fog {unknown}
 v - 3 scrolls of amnesia {unknown}
 E - 2 scrolls of fear {unknown}
 F - 4 scrolls of magic mapping {unknown}
 G - 2 scrolls of enchant armour {unknown}
 N - a scroll of summoning {unknown}
 O - 3 scrolls of identify
Potions
 d - 3 potions of heal wounds
 e - 4 potions of lignification
 k - a potion of magic
 q - 3 potions of curing
 t - 2 potions of brilliance
 x - 2 potions of stabbing
 z - a potion of haste
 B - 2 potions of berserk rage
 H - a potion of cancellation
 K - a potion of flight
 L - 2 potions of might
Miscellaneous
 P - a phantom mirror
Comestibles
 f - 22 rations
 M - 11 chunks of flesh


   Skills:
 + Level 10.3 Fighting
 * Level 11.6 Axes
 - Level 2.6 Armour
 - Level 2.6(3.9) Shields


You had 9 spell levels left.
You didn't know any spells.
Your spell library contained the following spells:

 Spells                   Type           Power        Failure   Level  Hunger
 Animate Skeleton         Necr           N/A          99%         1    ##.....
 Apportation              Tloc           #.....       99%         1    ##.....
 Corona                   Hex            #......      99%         1    ##.....
 Summon Small Mammal      Summ           #...         99%         1    ##.....
 Slow                     Hex            #.......     100%        2    ###....
 Inner Flame              Hex/Fire       #.......     100%        3    ####...
 Portal Projectile        Hex/Tloc       #.....       100%        3    ####...
 Cause Fear               Hex            #.........   100%        4    #####..
 Leda's Liquefaction      Hex/Erth       #.........   100%        4    #####..


Dungeon Overview and Level Annotations

Branches:
Dungeon (9/15)             Temple (0/1) D:6         Ossuary (visited)
   Lair: D:8-11         Orc: D:9-12

Altars:
Ashenzari
Dithmenos
Elyvilon
Gozag
Makhleb
Sif Muna
Trog
Vehumet
Xom

Shops:
D:4 *   D:8 }


Innate Abilities, Weirdness & Mutations

Your body is rotting away.
You thrive on raw meat.
You are immune to poison.
You have sharp fingernails.
You are carnivorous and can eat meat at any time.
Your flesh is cold resistant. (rC+)
You are immune to negative energy. (rN+++)
You do not regenerate when monsters are visible.
You are immune to unholy pain and torment.
You can survive without breathing.


Message History

A two-headed ogre comes into view.
It is wielding two +0 giant spiked clubs.
The two-headed ogre shouts in stereo!
You barely miss the two-headed ogre. You block the two-headed ogre's attack.
The two-headed ogre hits you with a +0 giant spiked club!
You slice the two-headed ogre!!
The two-headed ogre is heavily wounded.
You block the two-headed ogre's attack.
The two-headed ogre hits you with a +0 giant spiked club!!
You closely miss the two-headed ogre.
The two-headed ogre is moderately wounded.
The two-headed ogre hits you with a +0 giant spiked club!!
The two-headed ogre hits you with a +0 giant spiked club.
You slash the two-headed ogre!
The two-headed ogre is severely wounded.
You slash the two-headed ogre!
The two-headed ogre is almost dead.
The two-headed ogre hits you with a +0 giant spiked club!!
* * * LOW HITPOINT WARNING * * *
The two-headed ogre hits you with a +0 giant spiked club!!
You die...

##################
...<.............#
################.#
{, ,{{{{ ,#@# * *
*** * #O# #.# #.#
,#.# , * * #.# , ,
, ,#.# #.# , , ,


You could see a two-headed ogre.

Vanquished Creatures
  Joseph (D:7)
  Prince Ribbit (D:7)
  A hornet (D:9)
  The ghost of Hugehornet the Chopper, an amateur GrFi (D:4)
  Eustachio (D:5)
  A wyvern (D:9)
  3 hungry ghosts
  2 ice beasts (D:6)
  3 sky beasts
  3 phantoms
  5 ogres
  6 centaurs
  A big kobold (D:9)
  8 bullfrogs
  6 scorpions
  A killer bee (D:8)
  A howler monkey (D:8)
  2 bullfrog zombies
  3 crimson imps
  2 quasits
  A centaur zombie (D:8)
  A hound (D:9)
  4 orc priests
  A bullfrog skeleton (D:6)
  2 jellies
  2 centaur skeletons
  An iguana (D:8)
  6 orc wizards
  5 worker ants
  8 big kobold zombies (Ossuary)
  A hound zombie (D:7)
  A mummy (Ossuary)
  A worker ant zombie (D:9)
  9 adders
  3 gnolls (D:7)
  An ooze (D:5)
  2 adder skeletons
  An adder zombie (D:8)
  2 worms
  A dart slug (D:2)
  5 leopard geckos
  12 orcs
  3 spectral bats (Ossuary)
  4 giant cockroaches
  4 gnoll zombies (Ossuary)
  10 goblins
  6 hobgoblins
  16 jackals
  6 quokkas
  A ball python (D:6)
  A ball python skeleton (D:4)
  11 bats
  A bat simulacrum (Ossuary)
  9 frilled lizards
  3 goblin simulacra (Ossuary)
  3 goblin zombies (Ossuary)
  7 hobgoblin zombies (Ossuary)
  8 kobolds
  4 kobold simulacra (Ossuary)
  2 kobold zombies (Ossuary)
  6 orc zombies (Ossuary)
  A quokka skeleton (D:5)
  2 quokka zombies (D:4)
  8 rats
  5 rat simulacra (Ossuary)
  4 spectral goblins (Ossuary)
  4 spectral kobolds (Ossuary)
  A spectral rat (Ossuary)
252 creatures vanquished.

Vanquished Creatures (others)
  An orc wizard (D:6)
1 creature vanquished.

Grand Total: 253 creatures vanquished

Notes
Turn   | Place    | Note
-------+----------+-------------------------------------------
     0 | D:1      | nightchill the Ghoul Fighter began the quest for the Orb.
     0 | D:1      | Reached XP level 1. HP: 19/19 MP: 0/0
    47 | D:1      | Reached skill level 2 in Axes
    70 | D:1      | Reached XP level 2. HP: 26/26 MP: 1/1
   345 | D:1      | Reached XP level 3. HP: 32/33 MP: 2/2
   567 | D:1      | Reached skill level 3 in Axes
  1190 | D:2      | Reached XP level 4. HP: 23/40 MP: 1/3
  1324 | D:2      | Found a shattered altar of Ashenzari.
  1908 | D:2      | Became a worshipper of Ashenzari the Shackled
  2097 | D:3      | Reached XP level 5. HP: 44/47 MP: 4/4
  2214 | D:3      | Reached skill level 4 in Axes
  3047 | D:4      | Found an opulent altar of Gozag.
  3048 | D:4      | Found a runed translucent gate.
  3048 | D:4      | Found a runed translucent gate.
  3048 | D:4      | Found a runed translucent gate.
  3048 | D:4      | Noticed a hungry ghost
  3048 | D:4      | Noticed Hugehornet's ghost (amateur GrFi)
  3048 | D:4      | Noticed a centaur
  3048 | D:4      | Noticed a phantom
  3057 | D:4      | Killed a centaur
  3057 | D:4      | Reached XP level 6. HP: 52/53 MP: 5/5
  3062 | D:4      | Killed a hungry ghost
  3062 | D:4      | Reached skill level 5 in Fighting
  3062 | D:4      | Reached skill level 5 in Axes
  3079 | D:4      | Killed a phantom
  3079 | D:4      | Reached XP level 7. HP: 10/59 MP: 6/6
  3080 | D:4      | Killed Hugehornet's ghost
  3080 | D:4      | Reached skill level 6 in Axes
  3269 | D:4      | Found a sand-covered staircase.
  3276 | Ossuary  | Entered an ossuary
  3864 | D:4      | Reached XP level 8. HP: 62/70 MP: 5/7
  4048 | D:4      | Found Ferastruw's General Store.
  4115 | D:4      | Reached skill level 7 in Axes
  4432 | D:4      | Found a shimmering altar of Xom.
  4433 | D:4      | Found a burning altar of Makhleb.
  4736 | D:5      | Entered Level 5 of the Dungeon
  4792 | D:5      | Reached * piety under Ashenzari
  4989 | D:5      | Found a white marble altar of Elyvilon.
  5066 | D:4      | Bought a +1 pair of gloves of archery for 181 gold pieces
  5502 | D:5      | Noticed Eustachio
  5577 | D:5      | Killed Eustachio
  5577 | D:5      | Reached skill level 8 in Axes
  6257 | D:6      | Reached XP level 9. HP: 71/80 MP: 6/8
  6421 | D:6      | Reached skill level 9 in Axes
  6695 | D:6      | Found a staircase to the Ecumenical Temple.
  6734 | D:6      | Found a bloodstained altar of Trog.
  6740 | D:6      | Found a shimmering blue altar of Sif Muna.
  6740 | D:6      | Found a shadowy altar of Dithmenos.
  7726 | D:7      | Reached skill level 10 in Axes
  7826 | D:7      | Noticed Joseph
  7838 | D:7      | Killed Joseph
  8080 | D:7      | Reached XP level 10. HP: 85/90 MP: 7/9
  8630 | D:7      | Noticed Prince Ribbit
  8648 | D:7      | Killed Prince Ribbit
  8918 | D:7      | Reached skill level 11 in Axes
  9612 | D:8      | Reached skill level 10 in Fighting
  9685 | D:8      | Found Kibic's Gadget Boutique.
  9788 | D:8      | Found a radiant altar of Vehumet.
 10117 | D:9      | Reached ** piety under Ashenzari
 10456 | D:9      | Noticed a two-headed ogre
 10464 | D:9      | Slain by a two-headed ogre

Illustrated notes

Levels and vault maps discovered:
D:1:      psy_arrival_statuary, layout_loops_ring, minmay_octomino_j4
D:2:      layout_loops_corners, nicolae_ashenzari_panopticon
D:3:      layout_basic
D:4:      layout_rooms, grunt_temple_overflow_champion_of_chaos, first_ration,
          ebering_ghost_gozag, enter_ossuary_4, serial_shops, shop,
          minmay_goblin_outpost
D:5:      layout_layer_cave, basic_altar, uniq_eustachio
D:6:      layout_loops_ring, minitemple, minmay_temple_entry_arrows
D:7:      layout_basic, lemuel_statue_altar, uniq_prince_ribbit1, uniq_joseph
D:8:      layout_rooms, vehumet_crystals, serial_shops, shop, grunt_ogre_cave,
          kennysheep_donut, minmay_increasing_density
D:9:      layout_basic, basic_altar, chequers_arboretum, lightli_corner_chamber

Skill      XL: |  1  2  3  4  5  6  7  8  9 10 |
---------------+-------------------------------+-----
Axes           | 2 3 4 5 6 8 10 11 | 11.6
Fighting       | 4 5 6 7 9 10 | 10.3
Armour         | |  2.6
Shields        | |  2.6

Action                   |  1- 3 |  4- 6 |  7- 9 | 10-12 || total
-------------------------+-------+-------+-------+-------++-------
Melee: War axe           |   165 |   113 |   556 |   273 ||  1107
Throw: Stone             |       |       |     8 |       ||     8
Invok: Curse Item        |       |     1 |     1 |       ||     2
       Scrying           |       |       |       |     1 ||     1
  Use: Potion            |       |     2 |       |       ||     2
       Scroll            |       |       |     9 |     3 ||    12
  Eat: Chunk             |     6 |     7 |    35 |    19 ||    67
Armor: Scale mail        |    88 |    89 |   204 |   124 ||   505
Dodge: Dodged            |    57 |    60 |   135 |    76 ||   328
Block: Kite shield       |    82 |    82 |   228 |    96 ||   488
